 Dungeon Crawl Stone Soup version 0.17-a0-1954-g0dddeaa (webtiles) character file.

83 Shim the Chucker (level 4, -1/27 HPs)
             Began as a Kobold Hunter on Oct 3, 2015.
             Slain by an adder (4 damage)
             ... on level 3 of the Dungeon.
             The game lasted 00:21:57 (3739 turns).

Shim the Chucker (Kobold Hunter)                    Turns: 3739, Time: 00:21:57

Health: -1/27      AC:  4    Str: 10    XL:     4   Next: 71%
Magic:  4/4        EV: 15    Int:  7    God:    Xom [....*.]
Gold:   76         SH:  0    Dex: 17    Spells: 0 memorised, 3 levels left

rFire  . . .     SeeInvis .     c - +0 short sword
rCold  . . .     Rnd*Rage +     d - +0 leather armour
rNeg   . . .     SustAt   .     (shield restricted)
rPois  .         Gourm    .     g - +0 helmet
rElec  .         Spirit   .     (no cloak)
rCorr  .         Warding  .     (no gloves)
rMut   .         Stasis   .     (no boots)
MR     .....                    j - amulet of rage
Stlth  ++........               (no ring)
                                (no ring)

@: not resistant to hostile enchantments, unstealthy
A: berserk 1, blurry vision 1, carnivore 3, dopey 1
a: Renounce Religion, Evoke Berserk Rage


You were on level 3 of the Dungeon.
You worshipped Xom.
You were a beloved toy of Xom.
You were not hungry.

You visited 1 branch of the dungeon, and saw 3 of its levels.

You collected 76 gold pieces.

Inventory:

Hand weapons
 c - a +0 short sword (weapon)
 h - a +0 club
Missiles
 a - 2 tomahawks (quivered)
 f - 54 stones
 i - 69 arrows
Armour
 b - a +1 helmet
 d - a +0 leather armour (worn)
 g - a +0 helmet (worn)
Jewellery
 j - an amulet of rage (around neck)
Magical devices
 q - a wand of random effects (5)
Scrolls
 k - a scroll of random uselessness {unknown}
 m - a scroll of remove curse {unknown}
 n - 3 scrolls of teleportation {unknown}
 o - a scroll of recharging {unknown}
 p - a scroll of identify {unknown}
 s - a scroll of immolation {unknown}
Comestibles
 e - 2 meat rations
 r - a beef jerky


   Skills:
 + Level 2.4 Fighting
 + Level 1.0 Short Blades
 + Level 6.6 Throwing
 + Level 0.8 Armour
 + Level 3.2 Dodging
 + Level 1.7 Stealth


You had 3 spell levels left.
You didn't know any spells.

Dungeon Overview and Level Annotations

Branches:
Dungeon (3/15)

Altars:
Xom


Innate Abilities, Weirdness & Mutations

You are small and have problems with some larger weapons.
You are carnivorous and can eat meat at any time.
You tend to lose your temper in combat.
Scrolls take you a little longer to read.
You are dopey. (Int -2)


Message History

You barely miss the orc. The orc misses you.
You hit the orc.
The orc is heavily wounded.
The orc hits you with a war axe!
You barely miss the orc.
The orc is heavily wounded.
The orc hits you with a war axe.
* * * LOW HITPOINT WARNING * * *
The orc wizard casts a spell at you. The magic dart hits you!
* * * LOW HITPOINT WARNING * * *
You hit the orc wizard.
The orc wizard is moderately wounded.
The adder barely misses you. The orc wizard hits you with a dagger.
* * * LOW HITPOINT WARNING * * *
You closely miss the orc wizard.
The orc wizard is moderately wounded.
The adder bites you.
You die...
Xom guffaws!

... . . .###. K./.#.
####! ... ..#.. ....
.... #.#.# #.. .....
#.#.# #.##.....
#...######.#.....
##..#.wo.....#
###.....####o###
####....####o@So#
####............####
#..(........$####
.........###.#
.........# ..#
#.......####...
##(........w=...
##)....####......
#(.=....# ....


You could see an orc wizard, an adder and 2 orcs.

Vanquished Creatures
  2 adders
  2 worms (D:2)
  4 giant geckos
  An orc (D:3)
  8 bats
  A giant cockroach (D:1)
  3 hobgoblins
  15 kobolds
  A quokka (D:2)
  2 ball pythons (D:2)
  2 giant newts
  8 goblins
  4 rats (D:1)
  2 butterflies (D:2)
  A plant (D:1)
56 creatures vanquished.

Vanquished Creatures (others)
  4 toadstools (D:1)
4 creatures vanquished.

Grand Total: 60 creatures vanquished

Notes
Turn   | Place    | Note
--------------------------------------------------------------
     0 | D:1      | Shim the Kobold Hunter began the quest for the Orb.
     0 | D:1      | Reached XP level 1. HP: 12/12 MP: 1/1
   233 | D:1      | Reached XP level 2. HP: 17/17 MP: 2/2
   454 | D:1      | Reached skill level 6 in Throwing
  1134 | D:1      | Reached XP level 3. HP: 22/22 MP: 3/3
  1882 | D:2      | Found a shimmering altar of Xom.
  1924 | D:2      | Became a worshipper of Xom of Chaos
  2301 | D:2      | XOM: silly message
  2352 | D:2      | XOM: harmless Fire miscast
  2400 | D:2      | XOM: give mutations
  2400 | D:2      | Gained mutation: You tend to lose your temper in combat. [Xom's mischief]
  2400 | D:2      | Gained mutation: You are dopey. (Int -2) [Xom's mischief]
  2400 | D:2      | Gained mutation: Scrolls take you a little longer to read. [Xom's mischief]
  2410 | D:2      | Reached XP level 4. HP: 19/27 MP: 4/4
  2632 | D:2      | Reached skill level 1 in Short Blades
  2886 | D:2      | XOM: severe Trmt miscast
  3164 | D:1      | XOM: god gift: scroll labeled DUFUOW XOBAARCHAPLU
  3688 | D:3      | XOM is BORED!
  3688 | D:3      | XOM: 1-stop teleportation journey
  3739 | D:3      | Slain by an adder

Vault maps used:
D:1:      ldierk_water_garden, serial_co_window_serial, co_window_paths_a,
          co_window_paths_a, co_window_corner_a, co_window_corner_a,
          co_window_paths_a, co_window_corner_b, co_window_of_opportunity_c,
          co_window_corner_b, co_window_corner_cb, co_window_of_opportunity_c,
          co_window_of_opportunity_b, co_window_corner_b, co_window_sun,
          glass_columns_a, glass_columns_a, glass_columns_b, glass_columns_a,
          glass_columns_b
D:2:      minmay_kobold_bridge, xom_butterflies, grunt_ministairs_9
D:3:      led_sif_book, lemuel_crystal_altar, first_bread, okawaru_trees_2,
          uniq_natasha, uniq_sigmund

Action                   |  1- 3 |  4- 6 || total
-------------------------+-------+-------++-------
Melee: Short sword       |   161 |    37 ||   198
Throw: Tomahawk          |    67 |    27 ||    94
       Throwing net      |     4 |     3 ||     7
 Abil: Evoke Berserk Rag |     1 |       ||     1
Evoke: Wand              |     1 |       ||     1
  Use: Potion            |       |     1 ||     1
  Eat: Chunk             |     5 |     5 ||    10
       Pizza             |     1 |       ||     1
